 Dungeon Sprint DCSS version 0.21.0-3-g78d12a8 (webtiles) character file.

19735 wojtek the Executioner (level 12, 1/124 HPs)
             Began as a Minotaur Berserker on Jan 15, 2018.
             Was a High Priest of Trog.
             Quit the game in the Dungeon (Sprint III: "The Ten Rune Challenge") on Jan 16, 2018.
             The game lasted 00:12:08 (4338 turns).

wojtek the Executioner (Minotaur Berserker)         Turns: 4338, Time: 00:12:08

Health: 1/124      AC: 17    Str: 26    XL:     12   Next: 39%
Magic:  11/11      EV: 15    Int:  4    God:    Trog [*****.]
Gold:   2174       SH:  0    Dex: 11    Spells: 11/11 levels left

rFire    . . .     SeeInvis +   y - +1 executioner's axe (freeze)
rCold    . . .     Gourm    .   (shield currently unavailable)
rNeg     . . .     Faith    .   u - +0 plate armour
rPois    .         Spirit   .   d - +0 hat {SInv}
rElec    .         Reflect  .   (no cloak)
rCorr    .         Harm     .   (no gloves)
MR       .....     NoTele   +   (no boots)
Stlth    ..........             (no amulet)
HPRegen  0.30/turn              (no ring)
MPRegen  0.12/turn              (no ring)

@: lethally poisoned (1 -> -41), berserk cooldown, slowed, very slow
A: retaliatory headbutt, horns 2
a: Berserk, Trog's Hand, Brothers in Arms, Burn Spellbooks, Renounce Religion


You were in the Dungeon.
You worshipped Trog.
Trog was extremely pleased with you.
You were very hungry.

You visited 1 branch You collected 2174 gold pieces.

Inventory:

Hand Weapons
 a - a +0 hand axe
 b - a +3 antimagic battleaxe
 r - a +2 antimagic battleaxe
 s - a +2 antimagic broad axe
 t - a +3 antimagic executioner's axe
 w - the +8 eveningstar of Turmoil {freeze, rElec rPois Dex+2, unknown}
   (Trog gifted it to you in the Dungeon)

   It has been specially enchanted to freeze those struck by it, causing extra
   injury to most foes and up to half again as much damage against particularly
   susceptible opponents.
   It can also slow down cold-blooded creatures.
   It affects your dexterity (+2).
   It insulates you from electricity.
   It protects you from poison.
 x - a +4 vampiric battleaxe
 y - a +1 executioner's axe of freezing (weapon)
 z - a +3 antimagic executioner's axe
 A - a +3 antimagic battleaxe
 D - a +2 battleaxe of venom
Armour
 d - a +0 hat of see invisible (worn)
 u - a +0 plate armour (worn)
 v - a +2 chain mail of cold resistance
Scrolls
 i - 2 scrolls of blinking
 k - a scroll of magic mapping {unknown}
 l - a scroll of holy word {unknown}
 m - a scroll of identify {unknown}
 n - 4 scrolls of remove curse
 p - a scroll of immolation {unknown}
Potions
 f - 2 potions of haste
 g - 2 potions of magic
 h - a potion of berserk rage
 o - 3 potions of flight
 q - 6 potions of mutation
 C - a potion of invisibility {unknown}
Miscellaneous
 j - a phantom mirror
Comestibles
 c - 11 rations


   Skills:
 + Level 16.9 Fighting
 * Level 22.2 Axes
 + Level 16.7 Armour
 + Level 15.5 Dodging


You had 11 spell levels left.
You didn't know any spells.

Dungeon Overview and Level Annotations

Branches:
Dungeon (1/1)

Altars:
Cheibriados
Dithmenos
Elyvilon
Fedhas
Gozag
Hepliaklqana
Kikubaaqudgha
Makhleb
Nemelex Xobeh
Okawaru
Qazlal
Ru
Sif Muna
Trog
Uskayaw
Vehumet
Wu Jian
Xom
Yredelemnul
Zin
The Shining One
Beogh
Jiyva
Lugonu

Shops:
D *


Innate Abilities, Weirdness & Mutations

You reflexively headbutt those who attack you in melee.
You have a pair of horns on your head.


Message History

You feel extremely sick.
You are no longer berserk.
You are exhausted.
You feel as though you will be slow longer.
* * * LOW HITPOINT WARNING * * *
You feel extremely sick.
You feel much better.
* * * LOW HITPOINT WARNING * * *
You feel extremely sick.
There is a lethal amount of poison in your body!
There is a lethal amount of poison in your body!
* * * LOW HITPOINT WARNING * * *
You feel extremely sick.
* * * LOW HITPOINT WARNING * * *
You feel extremely sick.
* * * LOW HITPOINT WARNING * * *
You feel extremely sick.
* * * LOW HITPOINT WARNING * * *
You feel very sick.
Are you sure you want to abandon this character and quit the game? (Confirm with "yes".)

♣.....##..†...#
########'######
#.♣♣ #♣.♣ ♣.♣♣
♣♣.♣ ♣.♣♣ ♣†♣♣
♣.@♣ ♣♣.♣♣ ♣♣.♣
♣§.♣ ♣..≈.
♣k.≈.≈ ♣.♣...§
♣♣♣♣♣♣♣♣


There were no monsters in sight!

Vanquished Creatures
  Rupert (D)
  An azure jelly (D)
  2 dire elephants (D)
  Josephine (D)
  A centaur warrior (D)
  Urug (D)
  2 death drakes (D)
  An unseen horror (D)
  A lindwurm (D)
  A deep elf mage (D)
  An elephant (D)
  2 spiny frogs (D)
  A rime drake (D)
  A komodo dragon (D)
  A queen bee (D)
  2 tyrant leeches (D)
  5 blink frogs (D)
  3 redbacks (D)
  A shadow (D)
  3 wandering mushrooms (D)
  A spatial vortex (D)
  A swamp drake (D)
  A necrophage (D)
  3 swamp dragon skeletons (D)
  2 centaurs (D)
  An earth elemental (D)
  A water elemental (D)
  A scorpion (D)
  12 killer bees (D)
  A wizard (D)
  A jelly (D)
  Jessica (D)
  A necromancer (D)
  A kobold demonologist (D)
  3 humans (D)
  3 rats (D)
66 creatures vanquished.

Vanquished Creatures (collateral kills)
  Gastronok (D)
  3 azure jellies (D)
  2 hydras (D)
  A death drake (D)
  An orc sorcerer (D)
  An elephant (D)
  3 orc warriors (D)
  20 killer bees (D)
  An electric eel (D)
  3 orc priests (D)
  3 orc wizards (D)
  7 orcs (D)
  A kobold (D)
47 creatures vanquished.

Vanquished Creatures (others)
  2 draconian scorchers (D)
  6 hellions (D)
  A yaktaur (D)
  3 plants (D)
12 creatures vanquished.

Grand Total: 125 creatures vanquished

Notes
Turn   | Place    | Note
-------+----------+-------------------------------------------
     0 | D        | wojtek the Minotaur Berserker began the quest for the Orb.
     0 | D        | Reached XP level 1. HP: 19/19 MP: 0/0
    12 | D        | Reached skill level 4 in Axes
    27 | D        | Noticed Jessica
    32 | D        | Killed Jessica
    32 | D        | Reached ** piety under Trog
    32 | D        | Reached skill level 5 in Axes
    32 | D        | Reached XP level 2. HP: 28/28 MP: 1/1
    61 | D        | Reached skill level 5 in Fighting
    61 | D        | Reached skill level 6 in Axes
    61 | D        | Reached XP level 3. HP: 21/36 MP: 2/2
   101 | D        | Killed a yaktaur
   108 | D        | Killed a hellion
   108 | D        | Killed a hellion
   108 | D        | Killed a hellion
   109 | D        | Killed a hellion
   109 | D        | Killed a hellion
   110 | D        | Killed a hellion
   124 | D        | Killed a white draconian scorcher
   153 | D        | Killed a white draconian scorcher
   232 | D        | Noticed a scorpion
   236 | D        | Killed a scorpion
   236 | D        | Reached *** piety under Trog
   236 | D        | Reached skill level 7 in Axes
   236 | D        | Reached skill level 5 in Armour
   236 | D        | Reached XP level 4. HP: 42/44 MP: 3/3
   262 | D        | Noticed a water elemental
   267 | D        | Killed a water elemental
   267 | D        | Reached skill level 8 in Axes
   267 | D        | Reached skill level 5 in Dodging
   267 | D        | Reached XP level 5. HP: 51/51 MP: 4/4
   318 | D        | Found a radiant altar of Vehumet.
   318 | D        | Found a deep blue altar of Sif Muna.
   318 | D        | Found an ancient bone altar of Kikubaaqudgha.
   326 | D        | Reached skill level 9 in Axes
   328 | D        | Reached **** piety under Trog
   363 | D        | Found a glowing silver altar of Zin.
   364 | D        | Found a glowing golden altar of the Shining One.
   364 | D        | Found a white marble altar of Elyvilon.
   364 | D        | Noticed a deep elf mage
   369 | D        | Noticed a demonic crawler
   374 | D        | Killed a deep elf mage
   374 | D        | Reached ***** piety under Trog
   374 | D        | Reached skill level 12 in Axes
   374 | D        | Reached XP level 6. HP: 63/63 MP: 5/5
   374 | D        | Reached XP level 7. HP: 70/70 MP: 6/6
   386 | D        | Found a hide-covered altar of Uskayaw.
   386 | D        | Found a roughly hewn altar of Beogh.
   386 | D        | Found an iron altar of Okawaru.
   386 | D        | Found a bloodstained altar of Trog.
   386 | D        | Found an ornate altar of the Wu Jian Council.
   386 | D        | Noticed a human
   388 | D        | Noticed a human
   389 | D        | Killed a human
   402 | D        | Killed a human
   402 | D        | Reached skill level 13 in Axes
   518 | D        | Found a basalt altar of Yredelemnul.
   518 | D        | Found a shadowy altar of Dithmenos.
   518 | D        | Found a sacrificial altar of Ru.
   522 | D        | Reached skill level 10 in Fighting
   599 | D        | Noticed a shadow
   604 | D        | Killed a shadow
   604 | D        | Received a gift from Trog
   604 | D        | Reached XP level 8. HP: 79/79 MP: 7/7
   607 | D        | Reached skill level 10 in Armour
   651 | D        | Noticed Josephine
   666 | D        | Killed Josephine
   666 | D        | Reached skill level 14 in Axes
   666 | D        | Reached skill level 10 in Dodging
   874 | D        | Found a blossoming altar of Fedhas.
   874 | D        | Found a stormy altar of Qazlal.
   874 | D        | Found a snail-covered altar of Cheibriados.
   874 | D        | Found a burning altar of Makhleb.
   874 | D        | Found a shimmering altar of Xom.
   875 | D        | Found a hazy altar of Hepliaklqana.
   875 | D        | Found an opulent altar of Gozag.
   875 | D        | Found a sparkling altar of Nemelex Xobeh.
   875 | D        | Found a corrupted altar of Lugonu.
   875 | D        | Found a viscous altar of Jiyva.
   896 | D        | Reached skill level 15 in Axes
   896 | D        | Reached XP level 9. HP: 22/89 MP: 8/8
  1389 | D        | Received a gift from Trog
  1390 | D        | Reached ****** piety under Trog
  1391 | D        | Received a gift from Trog
  1398 | D        | Received a gift from Trog
  1402 | D        | Noticed an orc sorcerer
  1403 | D        | Killed an orc sorcerer
  1408 | D        | Got an ancient eveningstar {god gift}
  1420 | D        | Found Boig's Assorted Antiques.
  1534 | D        | Noticed a centaur warrior
  1541 | D        | Killed a centaur warrior
  1541 | D        | Reached skill level 16 in Axes
  1574 | D        | Killed an unseen horror
  1714 | D        | Received a gift from Trog
  1714 | D        | Reached XP level 10. HP: 95/100 MP: 3/9
  1726 | D        | Reached skill level 17 in Axes
  1733 | D        | Received a gift from Trog
  1751 | D        | Received a gift from Trog
  1997 | D        | Received a gift from Trog
  2364 | D        | Noticed a spiny frog
  2364 | D        | Noticed a spiny frog
  2368 | D        | Killed a spiny frog
  2368 | D        | Reached skill level 18 in Axes
  2374 | D        | Killed a spiny frog
  2374 | D        | Received a gift from Trog
  2560 | D        | Received a gift from Trog
  2743 | D        | Noticed Rupert
  2747 | D        | Paralysed by Rupert for 6 turns
  2756 | D        | Paralysed by Rupert for 3 turns
  2775 | D        | Killed Rupert
  2775 | D        | Reached skill level 19 in Axes
  2775 | D        | Reached XP level 11. HP: 34/111 MP: 10/10
  3089 | D        | Noticed a dire elephant
  3092 | D        | Noticed a dire elephant
  3094 | D        | Reached skill level 15 in Fighting
  3098 | D        | Killed a dire elephant
  3098 | D        | Reached skill level 20 in Axes
  3099 | D        | Noticed Gastronok
  3105 | D        | HP: 1/168 [dire elephant (10)]
  3106 | D        | Killed a dire elephant
  3106 | D        | Reached skill level 15 in Armour
  3118 | D        | Killed Gastronok
  3118 | D        | Received a gift from Trog
  3503 | D        | Noticed an azure jelly
  3503 | D        | Noticed an azure jelly
  3503 | D        | Noticed an azure jelly
  3503 | D        | Noticed an azure jelly
  3515 | D        | Killed an azure jelly
  3516 | D        | Killed an azure jelly
  3519 | D        | Killed an azure jelly
  3519 | D        | Reached skill level 21 in Axes
  3522 | D        | Killed an azure jelly
  3522 | D        | Reached XP level 12. HP: 42/122 MP: 11/11
  3863 | D        | Received a gift from Trog
  3876 | D        | Reached skill level 15 in Dodging
  4080 | D        | Noticed Urug
  4084 | D        | Killed Urug
  4129 | D        | Noticed a four-headed hydra
  4129 | D        | Noticed a seven-headed hydra
  4133 | D        | Killed a nine-headed hydra
  4135 | D        | Killed a five-headed hydra
  4141 | D        | Received a gift from Trog
  4157 | D        | Reached skill level 22 in Axes
  4337 | D        | HP: 1/124 [poison (dark miasma)]
  4338 | D        | Quit the game

Skill      XL: |  1  2  3  4  5  6  7  8  9 10 11 12 |
---------------+-------------------------------------+-----
Axes           | 5 6 7 8 12 13 15 16 19 21 22 | 22.2
Fighting       | 4 5 6 9 10 11 12 14 16 | 16.9
Armour         | 3 4 5 6 8 9 11 12 14 16 | 16.7
Dodging        | 3 4 5 7 9 10 11 13 14 15 | 15.5

Action                   |  1- 3 |  4- 6 |  7- 9 | 10-12 || total
-------------------------+-------+-------+-------+-------++-------
Melee: Hand axe          |    18 |    15 |    81 |       ||   114
       Headbutt          |     5 |     2 |    20 |    33 ||    60
       Executioner's axe |       |       |       |   166 ||   166
       Battleaxe         |       |       |       |    12 ||    12
Invok: Berserk           |     1 |     2 |     5 |     5 ||    13
       Burn Spellbooks   |       |     1 |       |       ||     1
       Brothers in Arms  |       |       |     2 |     5 ||     7
  Use: Potion            |       |       |       |     4 ||     4
 Stab: Sleeping          |     1 |       |       |       ||     1
       Distracted        |       |       |       |     1 ||     1
  Eat: Chunk             |       |     1 |     6 |     4 ||    11
       Ration            |       |       |     1 |     3 ||     4
Armor: Animal skin       |     2 |     1 |       |       ||     3
       Plate armour      |       |       |    19 |    93 ||   112
Dodge: Dodged            |     7 |     8 |    15 |   101 ||   131
